 Dungeon Crawl Stone Soup version 0.32-a0-656-g3542139ebd (webtiles) character file.

Game seed: 9019871340998383186

53618 ragingrage the Fighter (level 13, 0/100 (117) HPs)
             Began as a Demigod Wanderer on Mar 9, 2024.
             Slain by an orc sorcerer
             ... wielding a +0 dagger
             ... led by an orc high priest
              (4 damage)
             ... on level 1 of the Orcish Mines.
             The game lasted 00:35:39 (23201 turns).

ragingrage the Fighter (Demigod Wanderer)          Turns: 23201, Time: 00:35:39

HP:   0/100 (117)   AC: 14    Str: 16    XL:     13   Next: 99%
MP:   28/33         EV: 25    Int: 24    God:
Gold: 1472          SH:  0    Dex: 19    Spells: 4/22 levels left

rFire   . . .        a - +7 Spriggan's Knife {stab, EV+4 Stlth+}
rCold   . . .        (no shield)
rNeg    . . .        R - +5 robe of Misfortune {Harm *Corrode *Slow EV+5}
rPois   +            u - +2 helmet
rElec   .            W - +0 cloak
rCorr   .            T - +1 pair of gloves {Dex+3}
SInv    .            P - +0 pair of boots {Fly}
Will    +....        G - amulet of the acrobat
Stlth   ++++         v - ring of poison resistance
HPRegen 0.36/turn    o - ring of magical power
MPRegen 0.23/turn

%: corrode self (3%), slow self (1%), harm (+30% outgoing, +20% incoming),
acrobat
@: flying, studying Shields, heavily drained
A: high MP 1, forlorn, divine attributes
a: no special abilities


You were on level 1 of the Orcish Mines.
You visited 3 branches of the dungeon, and saw 18 of its levels.
You also visited: Bailey.

You collected 1472 gold pieces.

Inventory:

Hand Weapons
 a - the +7 Spriggan's Knife (weapon) {stab, EV+4 Stlth+}
   (You acquired it in a bailey)

   Stab:      It is more effective when stabbing unaware enemies, sometimes
   treating them as though they were completely helpless.
   EV+4:      It affects your evasion (+4).
   Stlth+:    It makes you more stealthy.
 x - a +2 dagger of freezing
Missiles
 j - 36 poisoned darts
 E - 3 curare-tipped darts
 K - 2 throwing nets
 Y - 6 atropa-tipped darts
Armour
 u - a +2 helmet (worn)
 J - +0 acid dragon scales
 P - a +0 pair of boots of flying (worn)
 R - the +5 robe of Misfortune (worn) {Harm *Corrode *Slow EV+5}
   (You found it on level 1 of the Lair of Beasts)

   EV+5:      It affects your evasion (+5).
   *Corrode:  It may corrode you when you take damage.
   *Slow:     It may slow you when you take damage.
   Harm:      It increases damage dealt and taken.
 T - a +1 pair of gloves of dexterity (worn)
 U - the orb of Ru, Baking {light, ^Drain rElec rN++}
   (You found it on level 2 of the Lair of Beasts)

   rElec:     It insulates you from electricity.
   rN++:      It greatly protects you from negative energy.
   ^Drain:    It drains your maximum health when unequipped.
 W - a +0 cloak (worn)
Jewellery
 d - a ring of ice
 h - a ring of positive energy
 o - a ring of magical power (right hand)
 v - a ring of poison resistance (left hand)
 G - an amulet of the acrobat (around neck)
 H - a ring of see invisible
Wands
 i - a wand of iceblast (2)
 C - a wand of mindburst (18)
 Q - a wand of charming (3)
Scrolls
 c - a scroll of summoning
 e - a scroll of brand weapon
 g - 3 scrolls of torment
 k - 3 scrolls of teleportation
 l - 3 scrolls of poison
 m - a scroll of fear
 n - 2 scrolls of enchant armour {unknown}
 s - 3 scrolls of noise {unknown}
 t - 2 scrolls of immolation
 w - 3 scrolls of identify
 y - a scroll of vulnerability {unknown}
 A - 2 scrolls of enchant weapon
 B - 5 scrolls of fog
 L - a scroll of silence
 S - a scroll of blinking {unknown}
 Z - a scroll of acquirement
Potions
 b - a potion of degeneration {unknown}
 f - a potion of magic {unknown}
 p - 7 potions of mutation
 q - a potion of berserk rage {unknown}
 r - a potion of attraction {unknown}
 D - a potion of invisibility {unknown}
 F - a potion of might {unknown}
 I - a potion of enlightenment {unknown}
 M - 2 potions of brilliance {unknown}
 O - 3 potions of haste
 X - 2 potions of cancellation {unknown}
Miscellaneous
 z - a box of beasts (inert)
 V - a phial of floods


   Skills:
 - Level 11.7 Fighting
 - Level 8.0 Short Blades
 - Level 1.7 Throwing
 - Level 7.0 Dodging
 - Level 6.0 Stealth
 - Level 5.0 Spellcasting
 - Level 9.0 Conjurations
 - Level 2.0 Translocations
 + Level 7.6 Fire Magic
 + Level 4.1 Air Magic
 - Level 4.5 Earth Magic
 - Level 11.0 Alchemy
 + Level 4.4 Evocations


You had 4 spell levels left.
You knew the following spells:

 Your Spells              Type           Power      Damage    Failure   Level
a - Mephitic Cloud        Conj/Alch/Air  44%        N/A       1%          3
b - Sandblast             Erth           54%        2d13      1%          1
c - Irradiate             Conj/Alch      26%        3d20      4%          5
d - Ignite Poison         Fire/Alch      50%        N/A       1%          4
e - Passwall              Erth           27%        N/A       4%          3
f - Blink                 Tloc           30%        N/A       6%          2

Your spell library contained the following spells:

 Spells                   Type           Power      Damage    Failure   Level
 Foxfire                  Conj/Fire      100%       2x1d9     1%          1
 Shock                    Conj/Air       100%       1d9       1%          1
 Momentum Strike          Conj/Tloc      64%        3d9       1%          2
 Volatile Blastmotes      Fire/Tloc      58%        2d14      3%          3
 Swiftness                Air            26%        N/A       4%          3
 Inner Flame              Hex/Fire       24%        N/A       5%          3
 Brom's Barrelling Bould  Conj/Erth      38%        2d6       5%          4
 Lesser Beckoning         Tloc           30%        N/A       6%          2
 Necrotise                Necr           24%        1d5       9%          1
 Gell's Gravitas          Tloc           15%        N/A       12%         3
 Teleport Other           Tloc           15%        N/A       12%         3
 Ensorcelled Hibernation  Hex/Ice        12%        N/A       13%         2
 Vhi's Electric Charge    Tloc/Air       40%        N/A       24%         4
 Sigil of Binding         Hex            6%         N/A       26%         3
 Tukima's Dance           Hex            6%         N/A       26%         3
 Vampiric Draining        Necr           6%         2d6       26%         3
 Anguish                  Hex/Necr       3%         N/A       65%         4
 Animate Dead             Necr           6%         N/A       65%         4
 Cause Fear               Hex            3%         N/A       65%         4
 Martyr's Knell           Necr/Summ      6%         N/A       65%         4
 Fireball                 Conj/Fire      22%        3d10      9%          5
 Arcjolt                  Conj/Air       18%        1d28      16%         5
 Yara's Violent Unravell  Hex/Alch       16%        3d8       26%         5
 Borgnjor's Vile Clutch   Necr/Erth      8%         N/A       67%         5
 Plasma Beam              Fire/Air       17%        2x1d28    77%         6
 Curse of Agony           Necr           6%         N/A       94%         5
 Death Channel            Necr           3%         N/A       100%        6
 Enfeeble                 Hex            3%         N/A       100%        7
 Ignition                 Fire           21%        3d8       100%        8
 Dragon's Call            Summ           3%         N/A       100%        9


Dungeon Overview and Level Annotations

Branches:
Dungeon (12/15)            Temple (0/1) D:7            Lair (5/5) D:10
 Shoals (0/4) Lair:2        Snake (0/4) Lair:2        Slime (0/5) Lair:4
    Orc (1/2) D:11         Bailey (visited)

Shops:
D:4 [   D:8 =

Annotations:
D:4 2 transporters, exclusion: downstairs
D:8 3 runed translucent doors, MiniTore's ghost, journeyman CoBe
D:12 Nessos
Lair:2 exclusion: lava snake
Lair:5 exclusion: 3 doors
Orc:1 3 runed translucent doors, Ponisiar's ghost, journeyman TrGl


Innate Abilities, Weirdness & Mutations

You have an increased reservoir of magic. (+10% MP)
You shall have no god before yourself.
Your divine heritage dramatically boosts your attributes as you level up.


Message History

The orc sorcerer barely misses you. The soul eater barely misses you.
You closely miss the orc sorcerer.
You open the lid... ...and a larval fireweird beast leaps out!
The box is emptied!
The orc sorcerer gestures at you while chanting.
The bolt of negative energy hits you!
You feel drained.
* * * LOW HITPOINT WARNING * * *
The soul eater hits you!
* * * LOW HITPOINT WARNING * * *
You feel drained.
The orc high priest mumbles some strange prayers.
The orc high priest calls upon Beogh to heal the orc sorcerer.
The orc sorcerer is healed somewhat.
Unknown command.
You feel better.
The orc sorcerer hits you with a +0 dagger.
* * * LOW HITPOINT WARNING * * *
The soul eater hits you but does no damage.
Your larval fireweird beast is engulfed in noxious fumes.
Your larval fireweird beast appears confused.
Your larval fireweird beast closely misses the orc sorcerer.
You feel better. The orc sorcerer completely misses you.
The soul eater barely misses you.
Your larval fireweird beast is engulfed in noxious fumes.
Your larval fireweird beast appears confused.
Your larval fireweird beast closely misses the orc sorcerer.
As you read the scroll of fear, it crumbles to dust.
You assume a fearsome visage.
The soul eater resists with almost no effort.
The orc high priest looks frightened!
The orc sorcerer easily resists.
The orc sorcerer closely misses you. The soul eater hits you.
* * * LOW HITPOINT WARNING * * *
You feel drained.
* * * LOW HITPOINT WARNING * * *
Your larval fireweird beast is engulfed in noxious fumes.
Your larval fireweird beast barely misses the soul eater.
You puncture the orc sorcerer!
The orc sorcerer hits you with a +0 dagger.
You die...

#.....##.............#..........
#...####..#...o...#.............
##.## #...#......#.#............
### ##.###....................
### ####................. #####
#### ##................ #.#.##
##..## ####..........#.... .....#
#....###.##....##...##....
#...#####..#.#..@#..####...#...†.
....#.#....)..#.3o..# ##.###....
...#......##.....H.o# ### #....
.#........#......#.## ##....
.......#.........### #....#
..........##.##...## #....#
...........###.....# ##....
..........## ##.#..## ###.#
..........####......# ###


You could see a soul eater (summoned), an orc high priest (fleeing), an orc
sorcerer (ally target) and a friendly larval fireweird beast (summoned,
confused).

Vanquished Creatures
  Jorgrun (D:12)
  Erica (D:8)
  2 hydras (Lair:4)
  4 two-headed ogres
  3 death yaks (Lair:4)
  Sonja (Lair:1)
  Urug (Orc:1)
  A skyshark (Lair:3)
  An orc knight (Orc:1)
  A deep elf pyromancer (D:12)
  3 cyclopes (D:12)
  2 wolf spiders
  An ugly thing (D:12)
  A salamander (Lair:2)
  A merfolk siren (Lair:2)
  A manticore (D:11)
  4 black mambas
  15 elephants
  A kobold blastminer (Orc:1)
  2 gargoyles
  12 cane toads
  4 rime drakes
  An unseen horror (D:11)
  A kobold demonologist (D:12)
  7 komodo dragons
  3 merfolk (Lair:2)
  4 polar bears
  A hornet (D:10)
  16 blink frogs
  3 wyverns
  A shadow (D:11)
  49 yaks
  2 wraiths
  2 steam dragons
  2 basilisks (Lair:3)
  A warg (Orc:1)
  12 vampire mosquitoes
  An acid dragon (D:8)
  14 water moccasins
  6 ice beasts
  16 orc warriors
  2 black bears (D:5)
  An ogre (Orc:1)
  33 wolves
  15 centaurs
  3 phantoms
  A kobold brigand (D:7)
  8 scorpions
  11 bullfrogs
  2 gnoll sergeants
  4 wights
  An elephant simulacrum (Lair:5)
  13 killer bees
  4 howler monkeys
  An electric eel (D:9)
  2 hounds (D:5)
  6 orc priests
  3 jellies
  A gnoll bouda (D:9)
  2 sleepcaps
  Jessica (D:3)
  2 iguanas
  6 orc wizards
  Natasha (thrice) (D:3)
  Robin (D:4)
  11 gnolls
  6 adders
  4 white imps
  4 dart slugs
  5 ribbon worms
  67 orcs
  4 ball pythons
  6 endoplasms
  3 giant cockroaches
  8 hobgoblins
  13 kobolds
  4 quokkas
  2 bats (D:2)
  3 frilled lizards (D:2)
  21 goblins
  2 rats (D:2)
  A butterfly (Lair:3)
495 creatures vanquished.

Vanquished Creatures (collateral kills)
  A hydra (Lair:2)
1 creature vanquished.

Vanquished Creatures (others)
  A cane toad (Lair:2)
  An orc priest (Orc:1)
  An orc wizard (Orc:1)
  An adder (D:6)
4 creatures vanquished.

Grand Total: 500 creatures vanquished

Notes
Turn   | Place    | Note
-------+----------+-------------------------------------------
     0 | D:1      | ragingrage the Demigod Wanderer began the quest for the
                  | Orb.
     0 | D:1      | ragingrage set off with the following items: a +0 dagger,
                  | 12 poisoned darts, a scroll of summoning, a +0 leather
                  | armour; and the following spells available to memorise:
                  | Sandblast, Shock, Passwall, Mephitic Cloud, Brom's
                  | Barrelling Boulder.
     0 | D:1      | Reached XP level 1. HP: 14/14 MP: 4/4
    48 | D:1      | Learned a level 1 spell: Sandblast
   787 | D:1      | Reached XP level 2. HP: 11/20 MP: 2/5
   898 | D:1      | You fall into a shaft and drop 1 floor!
  1186 | D:3      | Reached XP level 3. HP: 19/26 MP: 0/6
  1262 | D:3      | Learned a level 3 spell: Mephitic Cloud
  1327 | D:3      | Noticed Natasha
  1332 | D:3      | Killed Natasha
  1390 | D:3      | Noticed Robin
  1586 | D:3      | Reached XP level 4. HP: 30/33 MP: 6/8
  1601 | D:4      | Killed Robin
  1602 | D:4      | Reached skill level 1 in Conjurations
  1705 | D:3      | Noticed Jessica
  1708 | D:3      | Killed Jessica
  1709 | D:3      | Reached skill level 1 in Alchemy
  3046 | D:3      | Identified the +1 scale mail of Focus {Fly rPois rF- Will+}
  3380 | D:3      | Reached XP level 5. HP: 38/38 MP: 7/9
  3537 | D:3      | Noticed Natasha
  3549 | D:3      | Killed Natasha
  3711 | D:3      | Noticed Natasha
  3716 | D:3      | Killed Natasha
  4014 | D:4      | Found a transporter.
  4025 | D:4      | Found a transporter.
  4294 | D:4      | Reached XP level 6. HP: 45/45 MP: 6/10
  4333 | D:4      | Found Boluasmi's Armour Emporium.
  4351 | D:4      | Noticed a yak
  4351 | D:4      | Noticed a yak
  4392 | D:4      | Killed a yak
  4652 | D:4      | Noticed a yak
  4653 | D:4      | Noticed a yak
  4657 | D:4      | Noticed a yak
  4689 | D:4      | Killed a yak
  4690 | D:4      | Reached skill level 1 in Stealth
  4690 | D:4      | Reached XP level 7. HP: 39/50 MP: 0/12
  4871 | D:4      | Learned a level 5 spell: Irradiate
  4955 | D:5      | Entered Level 5 of the Dungeon
  6042 | D:5      | Reached XP level 8. HP: 57/57 MP: 12/15
  6527 | D:6      | Reached skill level 5 in Conjurations
  6586 | D:6      | Reached skill level 5 in Alchemy
  6991 | D:6      | Reached skill level 1 in Fighting
  7008 | D:6      | Identified 2 scrolls of acquirement
  7779 | D:7      | Acquired the Encyclopedia of Immolation and Hexing
  8137 | D:7      | Reached XP level 9. HP: 65/68 MP: 16/16
  8142 | D:7      | Learned a level 4 spell: Ignite Poison
  8425 | D:7      | Found a staircase to the Ecumenical Temple.
  9504 | D:8      | Reached skill level 1 in Fire Magic
  9531 | D:8      | Noticed a tengu warrior
  9533 | D:8      | Found a runed translucent gate.
  9551 | D:8      | Found a runed translucent gate.
  9551 | D:8      | Found a runed translucent gate.
  9561 | D:8      | Noticed MiniTore's ghost (journeyman CoBe)
  9640 | D:8      | Found a flagged portal.
  9712 | Bailey   | Entered a bailey
 10234 | Bailey   | Reached XP level 10. HP: 70/77 MP: 5/17
 10419 | Bailey   | Acquired a book of Unlife
 10627 | D:8      | Noticed Erica
 10732 | D:8      | Killed Erica
 10977 | D:8      | Found Ysetzul's Jewellery Shop.
 11744 | D:9      | Reached skill level 10 in Fighting
 12646 | D:10     | Entered Level 10 of the Dungeon
 13095 | D:10     | Reached XP level 11. HP: 90/104 MP: 11/19
 13574 | D:10     | Found a staircase to the Lair.
 14067 | D:10     | Acquired the +7 Spriggan's Knife {stab, EV+4 Stlth+}
 14067 | D:10     | Found the +7 Spriggan's Knife {stab, EV+4 Stlth+}
 14184 | D:11     | Noticed a two-headed ogre
 14206 | D:11     | Killed a two-headed ogre
 14207 | D:11     | Reached skill level 1 in Short Blades
 14535 | D:11     | Noticed a two-headed ogre
 14550 | D:11     | Killed a two-headed ogre
 14686 | D:11     | Noticed a two-headed ogre
 14692 | D:11     | Found a staircase to the Orcish Mines.
 14699 | D:11     | Killed a two-headed ogre
 15386 | Lair:1   | Entered Level 1 of the Lair of Beasts
 15386 | Lair:1   | Noticed Sonja
 15405 | Lair:1   | Killed Sonja
 15513 | Lair:1   | Reached skill level 5 in Short Blades
 15520 | Lair:1   | Reached XP level 12. HP: 95/111 MP: 20/21
 15708 | Lair:1   | Found the +5 robe of Misfortune {Harm *Corrode *Slow EV+5}
 15954 | Lair:1   | Reached skill level 10 in Alchemy
 16003 | Lair:1   | Reached skill level 5 in Stealth
 16540 | Lair:2   | Noticed a six-headed hydra
 16550 | Lair:2   | Killed a six-headed hydra
 16558 | Lair:2   | Found a staircase to the Shoals.
 16622 | Lair:2   | Identified the orb of Ru, Baking {light, ^Drain rElec rN++}
 17164 | Lair:2   | Learned a level 3 spell: Passwall
 17228 | Lair:2   | Found a staircase to the Snake Pit.
 18058 | Lair:3   | Reached XP level 13. HP: 117/117 MP: 22/22
 18101 | Lair:3   | Reached skill level 5 in Dodging
 19142 | Lair:4   | Found a staircase to the Slime Pits.
 19148 | Lair:4   | Learned a level 2 spell: Blink
 19269 | Lair:4   | Reached skill level 1 in Translocations
 19525 | Lair:4   | Reached skill level 5 in Spellcasting
 19535 | Lair:4   | Reached skill level 5 in Fire Magic
 19938 | Lair:5   | Entered Level 5 of the Lair of Beasts
 20559 | Lair:5   | Noticed a dire elephant
 20560 | Lair:5   | Noticed a dire elephant
 20560 | Lair:5   | Noticed a dire elephant
 21243 | D:12     | Noticed Nessos
 21814 | D:12     | Noticed Jorgrun
 21830 | D:12     | Killed Jorgrun
 22327 | Orc:1    | Entered Level 1 of the Orcish Mines
 22334 | Orc:1    | Noticed Urug
 22344 | Orc:1    | Killed Urug
 22970 | Orc:1    | Found a runed translucent gate.
 23026 | Orc:1    | Found a runed translucent gate.
 23026 | Orc:1    | Found a runed translucent gate.
 23026 | Orc:1    | Noticed Ponisiar's ghost (journeyman TrGl)
 23197 | Orc:1    | HP: 1/106 [soul eater[an orc high priest] (20)]
 23201 | Orc:1    | Slain by an orc sorcerer

Illustrated notes

Levels and vault maps discovered:
D:1:      evilmike_arrival_hilbert_curve, layout_loops_corners,
          nicolae_eternal_life, minivault_27, hex_large
D:2:      layout_basic
D:3:      layout_basic, nicolae_wormholes, uniq_robin, uniq_natasha,
          uniq_jessica
D:4:      dreamdust_elfheim, layout_basic, gammafunk_temple_overflow_arena,
          serial_shops, shop
D:5:      layout_rooms
D:6:      layout_basic, mainiacjoe_overflow_boulevard, nicolae_vehumet_radiance,
          mainiacjoe_overflow_surrounded_room, kennysheep_generic_room_14
D:7:      layout_basic, mainiacjoe_overflow_small_starburst,
          minmay_temple_entry_arrows, serial_co_window_serial,
          co_window_cross_1, co_window_paths_a, co_window_of_opportunity_a,
          co_window_paths_b, co_window_of_opportunity_a, co_window_paths_a,
          co_window_unsneaky_path_b, co_window_paths_c, co_window_paths_c,
          co_window_2corner, co_window_broadway_b, co_window_of_opportunity_b,
          co_window_broadway_b, co_window_4corner_b, co_window_paths_d,
          glass_columns_a, glass_columns_a, glass_columns_b, glass_columns_b
D:8:      layout_rooms, trog_hazing_becter, enter_bailey_5, serial_shops,
          nicolae_shop_advertising_works [nicolae_subvault_shop_adworks],
          gammafunk_ghost_split, serial_library_hellmonk_hallway_a, uniq_erica
D:9:      layout_loops_corners, mainiacjoe_overflow_alcove_2, hive_lemuel
D:10:     layout_rooms, kennysheep_mini, fedhas_bush_and_centaur_altar,
          hellmonk_lair_entry_icy
D:11:     layout_roguey, david_orc_5, grunt_dithmenos_smoke
D:12:     layout_stronghold, minmay_bent, uniq_nessos, uniq_jorgrun, uniq_snorg
Lair:1:   layout_regular_city, grunt_megastairs_3, lemuel_fruit_fields,
          uniq_sonja
Lair:2:   layout_gridlike, elwin_shoals_entry_stream,
          nicolae_snake_entry_warm_welcome, nicolae_lair_run_with_the_wolves
Lair:3:   layout_gridlike, grunt_megastairs_2, infiniplex_staircase_pool,
          lemuel_fruit_fields
Lair:4:   beast_lair_carwin_large_2, layout_regular_city, slime_entry_1
Lair:5:   due_jungle_book, layout_misc_corridors, serial_bayou_shore_a
Orc:1:    layout_caves, serial_shops, shop, gammafunk_ghost_necromancy,
          uniq_urug

Skill      XL: |  1  2  3  4  5  6  7  8  9 10 11 12 13 |
---------------+----------------------------------------+-----
Earth Magic    | 3 4 |  4.5
Air Magic      | 2 3 4 |  4.1
Conjurations   | 1 2 3 4 5 7 8 9 |  9.0
Alchemy        | 1 2 3 4 5 7 8 9 11 | 11.0
Stealth        | 1 2 4 6 |  6.0
Spellcasting   | 3 4 5 |  5.0
Fighting       | 2 3 11 | 11.7
Dodging        | 2 4 7 |  7.0
Fire Magic     | 3 7 |  7.6
Short Blades   | 5 8 |  8.0
Translocations | 2 |  2.0
Evocations     | 4 |  4.4
Throwing       | |  1.7

Action                     |  1- 3 |  4- 6 |  7- 9 | 10-12 | 13-15 || total
---------------------------+-------+-------+-------+-------+-------++-------
  Melee: Dagger            |    22 |    23 |     3 |       |       ||    48
         Trident           |       |       |   179 |   164 |       ||   343
         Knife             |       |       |       |   306 |   224 ||   530
  Throw: Dart              |       |       |       |     1 |       ||     1
   Cast: Sandblast         |    45 |    99 |   111 |    24 |       ||   279
         Mephitic Cloud    |       |     4 |    49 |    93 |    62 ||   208
         Irradiate         |       |       |     1 |    26 |    27 ||    54
         Ignite Poison     |       |       |       |    12 |     2 ||    14
  Evoke: Wand              |       |       |       |     7 |       ||     7
         Box of beasts     |       |       |       |       |     1 ||     1
    Use: Potion            |       |     4 |     1 |       |     2 ||     7
         Scroll            |       |       |     9 |     5 |     3 ||    17
   Stab: Confused          |       |       |    19 |    99 |    58 ||   176
         Sleeping          |       |       |     1 |     5 |     3 ||     9
         Distracted        |       |       |     1 |     1 |       ||     2
 Armour: Leather armour    |    32 |    52 |   124 |       |       ||   208
         Steam dragon scal |       |       |    35 |    19 |       ||    54
         Acid dragon scale |       |       |       |   175 |       ||   175
         Robe              |       |       |       |    33 |    59 ||    92
  Dodge: Dodged            |    36 |    43 |   126 |   418 |   195 ||   818

Table legend: (Time is in decaauts)
 A = Elapsed time spent in this place.
 B = Non-inter-level travel time spent in this place.
 C = Inter-level travel time spent in this place.
 D = Time resting spent in this place.
 E = Time spent auto-exploring this place.
 F = Levels seen in this place.
 G = Mean time per level.
                   A        B        C        D        E       F      G
               +--------+--------+--------+--------+--------+-----+--------+
         Total |  23339 |  22174 |   1165 |   4993 |  13092 |  19 | 1228.4 |
       Dungeon |  16103 |  15195 |    908 |   4098 |   8604 |  12 | 1341.9 |
          Lair |   5563 |   5307 |    256 |    514 |   3693 |   5 | 1112.6 |
  Orcish Mines |    856 |    856 |      0 |    160 |    493 |   1 |  856.0 |
        Bailey |    815 |    815 |      0 |    221 |    302 |   1 |  815.0 |
               +--------+--------+--------+--------+--------+-----+--------+

Top non-repeatable levels by time:
     D:9: 2248 daAuts
     D:4: 1653 daAuts
     D:7: 1623 daAuts
  Lair:4: 1511 daAuts
     D:3: 1433 daAuts
     D:5: 1420 daAuts
     D:6: 1273 daAuts
     D:1: 1264 daAuts
  Lair:2: 1164 daAuts
    D:11: 1161 daAuts
    D:12: 1161 daAuts
  Lair:1: 1101 daAuts
    D:10: 1028 daAuts
     D:8: 959 daAuts
  Lair:5: 896 daAuts
